 Dungeon Crawl Stone Soup version 0.30-a0-760-g5a9884bb7c (webtiles) character file.

Game seed: 9660333358799021596

56 Dittersdorf the Covered (level 3, -3/24 HPs)
             Began as a Gargoyle Fighter on Feb 10, 2023.
             Slain by an orc
             ... wielding a +0 mace
              (5 damage)
             ... on level 3 of the Dungeon.
             The game lasted 00:01:51 (1875 turns).

Dittersdorf the Covered (Gargoyle Fighter)          Turns: 1875, Time: 00:01:51

Health: -3/24      AC: 11    Str: 21    XL:     3   Next: 97%
Magic:  3/3        EV:  9    Int:  8    God:
Gold:   183        SH:  4    Dex:  9    Spells: 2/2 levels left

rFire   . . .      SeeInvis .    a - +0 flail
rCold   . . .      Faith    .    c - +0 buckler
rNeg    + . .      Spirit   .    b - +0 scale mail
rPois   ∞          Reflect  .    j - +0 helmet
rElec   +          Harm     .    (no cloak)
rCorr   .          Rampage  .    (no gloves)
Will    .....                    (no boots) Stlth
                                 (no amulet)
HPRegen 0.24/turn                (no ring)
MPRegen 0.08/turn                (no ring)

@: no status effects
A: sickness immunity, AC +3, negative energy resistance 1, electricity
resistance, torment resistance 1, petrification resistance
a: no special abilities


You were on level 3 of the Dungeon.
You visited 1 branch of the dungeon, and saw 3 of its levels.

You collected 183 gold pieces.

Inventory:

Hand Weapons
 a - a +0 flail (weapon)
Armour
 b - a +0 scale mail (worn)
 c - a +0 buckler (worn)
 j - a +0 helmet (worn)
Scrolls
 e - 2 scrolls of amnesia {unknown}
 g - 2 scrolls of identify {unknown}
 i - 2 scrolls of vulnerability {unknown}
 k - 2 scrolls of brand weapon {unknown}
 l - 2 scrolls of teleportation {unknown}
 m - a scroll of blinking {unknown}
 p - a scroll of fear {unknown}
 q - a scroll of immolation {unknown}
Potions
 d - a potion of might
 f - 3 potions of mutation {unknown}
 h - 2 potions of attraction {unknown}
 n - a potion of degeneration {unknown}
 o - a potion of lignification {unknown}
 r - a potion of haste {unknown}


   Skills:
 + Level 3.8 Fighting
 + Level 2.6 Maces & Flails
 + Level 3.8 Armour
 + Level 3.8 Shields


You had 2 spell levels left.
You didn't know any spells.
Your spell library contained the following spells:

 Spells                   Type           Power      Damage    Failure   Level
 Animate Dead             Necr           0%         N/A       100%        4
 Borgnjor's Vile Clutch   Necr/Erth      0%         N/A       100%        5
 Iskenderun's Battlesphe  Conj           0%         2d6       100%        5
 Death Channel            Necr           0%         N/A       100%        6
 Iron Shot                Conj/Erth      0%         9d1       100%        6
 Spellforged Servitor     Conj/Summ      0%         N/A       100%        7


Dungeon Overview and Level Annotations

Branches:
Dungeon (3/15)

Altars:

Shops:
D:3 *


Innate Abilities, Weirdness & Mutations

You are immune to sickness and miasma.
Your stone body is resilient. (AC +3)
You are immune to poison.
You resist negative energy. (rN+)
You are resistant to electric shocks. (rElec)
You are resistant to unholy torment.
You are immune to petrification.


Message History

The orc shouts!
The orc priest shouts!
The orc wizard shouts!
You thump the orc wizard!
The orc wizard is heavily wounded.
The orc wizard hits you with a +0 dagger.
You hit the orc wizard.
The orc wizard is heavily wounded.
The orc wizard hits you but does no damage.
You miss the orc wizard.
The orc wizard is heavily wounded.
The orc wizard hits you but does no damage.
The orc wizard hits you with a +0 dagger.
You closely miss the orc wizard.
The orc wizard is heavily wounded.
You block the orc wizard's attack.
The orc wizard hits you but does no damage.
The orc priest mumbles some strange prayers to Beogh against you.
Beogh smites you!
Ouch! That really hurt!
* * * LOW HITPOINT WARNING * * *
You hear an angry hiss.
You are too injured to fight recklessly!
You are too injured to fight recklessly!
You are too injured to fight recklessly!
You are too injured to fight recklessly!
You are too injured to fight recklessly!
You are too injured to fight recklessly!
You are too injured to fight recklessly!
You are too injured to fight recklessly!
You are too injured to fight recklessly!
You are too injured to fight recklessly!
You are too injured to fight recklessly!
You are too injured to fight recklessly!
You are too injured to fight recklessly!
The orc wizard attacks as you move away!
The orc wizard hits you but does no damage.
The orc wizard mumbles some strange words.
The orc wizard flickers and vanishes!
Deactivating autopickup; reactivate with Ctrl-A.
The orc attacks as you move away! The orc hits you with a +0 mace.
You die...

.#.##..# #.## .#)###)##
....# .#.###..## .....
.[....#..# ....
......##'####.#
..............#
#.............#
#.............##########
#.....#####.#.#.@.......
#.....# #....o########
####### ###..{.o#
#........o.o...
#.#...#.#.##.#.
#..#.#..#.# #...∩.... #
#..#.#..## ..#...#.#


You could see an orc.

Vanquished Creatures
  An adder (D:3)
  A dart slug (D:2)
  An orc (D:3)
  A ball python (D:2)
  6 endoplasms
  A giant cockroach (D:2)
  7 hobgoblins
  5 jackals
  2 quokkas (D:1)
  2 bats
  A frilled lizard (D:2)
  4 goblins (D:1)
  3 kobolds
  2 rats
37 creatures vanquished.

Notes
Turn   | Place    | Note
-------+----------+-------------------------------------------
     0 | D:1      | Dittersdorf the Gargoyle Fighter began the quest for the
                  | Orb.
     0 | D:1      | Reached XP level 1. HP: 14/14 MP: 1/1
   168 | D:1      | Reached XP level 2. HP: 8/19 MP: 2/2
   763 | D:1      | Reached XP level 3. HP: 23/23 MP: 3/3
  1864 | D:3      | Found Wouno's Assorted Antiques.
  1875 | D:3      | Slain by an orc

Illustrated notes

Levels and vault maps discovered:
D:1:      psy_arrival_radial02, layout_basic, chequers_serial_rivers_micro_c,
          dreamdust_mushroom_princess
D:2:      layout_loops_cross
D:3:      layout_basic, serial_shops, nicolae_shop_advertising_works
          [nicolae_subvault_shop_adworks]

Action                     || total
---------------------------++-------
  Melee: Flail             ||   113
 Armour: Scale mail        ||    68
  Dodge: Dodged            ||    47
  Block: Buckler           ||    23

Table legend: (Time is in decaauts)
 A = Elapsed time spent in this place.
 B = Non-inter-level travel time spent in this place.
 C = Inter-level travel time spent in this place.
 D = Time resting spent in this place.
 E = Time spent auto-exploring this place.
 F = Levels seen in this place.
 G = Mean time per level.
                   A        B        C        D        E       F      G
               +--------+--------+--------+--------+--------+-----+--------+
         Total |   1911 |   1828 |     83 |      0 |   1520 |   3 |  637.0 |
       Dungeon |   1911 |   1828 |     83 |      0 |   1520 |   3 |  637.0 |
               +--------+--------+--------+--------+--------+-----+--------+

Top non-repeatable levels by time:
     D:1: 1079 daAuts
     D:2: 613 daAuts
     D:3: 218 daAuts
